l, neutral male human Tourist ----- --- |..|. .. -..... -.. - ...... --- -... . --..... --- -... .....-.|......---.--.... -...................... .../.................- -..................... ...................--- ...................|--- .................|..| ..................-- |h................| ---.................| |....G..............| - ----..............| --..GG%G.--- --- |...G%@.-- --0------ l the Sightseer Experience level: 4 Strength: 13 Dexterity: 13 Constitution: 13 Intelligence: 11 Wisdom: 12 Charisma: 14 Health: 0(25) Energy: 11(11) AC: 10 Gold: 945 Moves: 1855 Your Inventory: Coins $ - 945 gold pieces Weapons a - 35 uncursed +2 darts (in quiver) s - a [blessed] rustproof [+0] long sword named Vorpal Blade [Vorpal Blade] (weapon in hand) Armor i - an uncursed +0 Hawaiian shirt (being worn) Comestibles b - an uncursed partly eaten food ration c - 3 uncursed cream pies d - 4 uncursed tripe rations e - 2 uncursed candy bars Scrolls g - 3 uncursed scrolls of magic mapping h - a blessed scroll of magic mapping Spellbooks t - an [uncursed] spellbook of restore ability Potions f - 2 uncursed potions of extra healing u - an [uncursed] bubbly potion [of paralysis] v - an [uncursed] brown potion [of booze] Tools j - an uncursed expensive camera (0:81) k - an uncursed credit card Spells known in the end: Name Level Category Fail Memory a - restore ability 4 healing 100% [||||||||] Your skills at the end: Fighting Skills Weapon Skills dart [Basic / Expert] Spellcasting Skills Final Attributes: You were devoutly aligned. Hunger level was 142. Your alignment was 19 / 19. Monster difficulty range was 0 - 4. Level difficulty was 5. You were aware of the presence of jabberwocks. Your luck was zero. You are dead. Vanquished creatures: a pony a shrieker a gnome lord a little dog 3 coyotes 2 manes 2 gnomes a gecko 5 jackals a fox a kobold 2 goblins 4 sewer rats 2 grid bugs a bat 2 lichens 9 newts 39 creatures vanquished. Voluntary challenges: You were vegetarian. You used a wielded weapon 12 times. You read items or engraved 2 times. You put on armor 1 time. You never genocided any monsters. You never polymorphed an object. You never changed form. You used no wishes. You never wrote Elbereth's name. You never encountered a bones level. You never used any Sokoban shortcuts. Dungeon overview: The Dungeons of Doom: levels 1 to 5 Level 1 an altar to The Lady a long staircase Level 2 portal to Advent Calendar Level 3 a jewelry store Level 4 an altar, a fountain stairs to The Gnomish Mines The Gnomish Mines: Level 5 <- You were here stairs to The Dungeons of Doom Advent Calendar: Level 3 many trees portal to The Dungeons of Doom History has recorded: On T:1 you entered the Dungeons of Doom to retrieve the Amulet of Yendor! On T:354 you reached level 2 of The Dungeons of Doom. On T:480 you reached level 3 of The Dungeons of Doom. On T:512 you advanced to experience level 2. On T:518 you advanced to experience level 3. On T:657 you reached level 1 of Advent Calendar. On T:1442 you received Vorpal Blade from The Lady. On T:1654 you reached level 4 of The Dungeons of Doom. On T:1662 you advanced to experience level 4. On T:1681 you reached level 5 of The Dungeons of Doom. On T:1837 you reached level 1 of The Gnomish Mines. Latest messages: [HP-2=17] The gnome wields a crossbow! [HP+1=18] You are beginning to feel hungry. The gnome lord wields a thonged club! You kill the gnome! You hit the gnome lord! The gnome wields a crossbow! You miss the gnome. The gnome lord swings his thonged club. The gnome lord hits! [HP-2=16] You kill the gnome! The gnome lord swings his thonged club. The gnome lord hits! The gnome swings her bow. The gnome hits! The gnome shoots a crossbow bolt! The crossbow bolt hits the gnome lord! The gnome lord is killed! The gnome swings his crossbow. The gnome hits! You die... Final status: Aloha l the Tourist... You died in The Gnomish Mines on dungeon level 5 with 1189 points, and 945 pieces of gold, after 1855 moves. You were level 4 with a maximum of 25 hit points when you died.